 Dungeon Crawl Stone Soup version 0.24-a0-549-g45f0056d81 (webtiles) character file.

Game seed: 15849390730285159255

98 Ijustatesigmund the Skirmisher (level 4, 0/75 HPs)
             Began as an Ogre Fighter on Aug 20, 2019.
             Slain by an ogre
             ... wielding a +0 giant club
              (11 damage)
             ... on level 4 of the Dungeon.
             The game lasted 00:03:17 (2704 turns).

Ijustatesigmund the Skirmisher (Ogre Fighter)       Turns: 2704, Time: 00:03:18

Health: 0/75       AC: 29    Str: 20    XL:     4   Next: 71%
Magic:  4/4        EV:  1    Int:  9    God:
Gold:   94         SH:  8    Dex:  9    Spells: 3/3 levels left

rFire    . . .     SeeInvis .   d - +4 mace (protect)
rCold    . . .     Gourm    .   c - +0 shield
rNeg     + + +     Faith    .   (armour currently unavailable)
rPois    +         Spirit   .   (helmet currently unavailable)
rElec    .         Reflect  .   (cloak currently unavailable)
rCorr    .         Harm     .   (gloves unavailable)
MR       .....     NoTele   +   (boots unavailable)
Stlth    +.........             (no amulet)
HPRegen  0.22/turn              (no ring)
MPRegen  0.09/turn              (no ring)

@: tree-form, protection aura
A: large, unfitting armour
a: no special abilities


You were on level 4 of the Dungeon.
You were not hungry.
You were a tree.
You visited 1 branch of the dungeon, and saw 4 of its levels.

You collected 94 gold pieces.

Inventory:

Hand Weapons
 a - a +0 flail
 d - a +4 mace of protection (weapon)
Armour
 b - a +0 robe (melded)
 c - a +0 shield (worn)
Scrolls
 h - a scroll of immolation
 i - a scroll of amnesia {unknown}
Potions
 e - a potion of curing
 g - a potion of flight {unknown}
Comestibles
 f - 7 rations


   Skills:
 + Level 5.2 Fighting
 * Level 3.6 Maces & Flails
 - Level 2.6 Dodging
 - Level 2.6 Shields


You had 3 spell levels left.
You didn't know any spells.
Your spell library was empty.

Dungeon Overview and Level Annotations

Branches:
Dungeon (4/15)
 Temple: D:4-7

Altars:
Cheibriados


Innate Abilities, Weirdness & Mutations

You are too large for most types of armour.
((You have tough skin. (AC +1)))


Message History

An orc comes into view. It is wielding a +0 club.
You barely miss the ogre.
The ogre is moderately wounded.
The orc shouts!
The ogre closely misses you.
You hit the ogre.
The ogre is heavily wounded.
An orc comes into view.
It is wearing a +0 leather armour of cold resistance.
You block the ogre's attack.
The orc shouts!
You hit the ogre.
The ogre is heavily wounded.
The ogre hits you with a +0 giant club!!
Ouch! That really hurt!
* * * LOW HITPOINT WARNING * * *
You hear a shout!
Really quaff the potion of lignification?
You turn into a tree.
Your +0 robe melds into your body.
Your roots penetrate the ground.
The ogre hits you with a +0 giant club!
You die...

#............#
#.##########.#
#.#.......##.#
#.#.#####.##.#
#.#.#<....##.#
#.#.########.#
#.#..........#
#.############.#
#.........♣Oooo#
################


You could see an ogre and 3 orcs.

Vanquished Creatures
  Terence (D:3)
  3 adders
  A worm (D:3)
  An orc (D:3)
  A ball python (D:2)
  5 goblins
  5 hobgoblins
  6 jackals
  3 kobolds
  5 bats
  3 frilled lizards
  10 rats
44 creatures vanquished.

Notes
Turn   | Place    | Note
-------+----------+-------------------------------------------
     0 | D:1      | Ijustatesigmund the Ogre Fighter began the quest for the
                  | Orb.
     0 | D:1      | Reached XP level 1. HP: 24/24 MP: 1/1
   338 | D:1      | Reached XP level 2. HP: 31/32 MP: 2/2
  1175 | D:2      | Reached XP level 3. HP: 20/40 MP: 3/3
  1499 | D:2      | Found a snail-covered altar of Cheibriados.
  1915 | D:3      | Noticed Terence
  1924 | D:3      | Killed Terence
  1924 | D:3      | Reached XP level 4. HP: 18/49 MP: 4/4
  2176 | D:3      | Reached skill level 5 in Fighting
  2694 | D:4      | Noticed an ogre
  2704 | D:4      | Slain by an ogre

Levels and vault maps discovered:
D:1:      nagdon_arrival_zigzag_paths, layout_loops_corners
D:2:      layout_basic, cheibriados_altar_1
D:3:      layout_loops_ring, minmay_crystal_water, uniq_terence
D:4:      layout_basic, first_ration, minivault_25, serial_park_tiny_2

Skill      XL: |  1  2  3  4 |
---------------+-------------+-----
Maces & Flails | 2 3 |  3.6
Fighting       | 5 |  5.2
Dodging        | |  2.6
Shields        | |  2.6

Action                   |  1- 3 |  4- 6 || total
-------------------------+-------+-------++-------
Melee: Flail             |    92 |       ||    92
       Mace              |       |    59 ||    59
  Use: Scroll            |     6 |     1 ||     7
       Potion            |     1 |     1 ||     2
  Eat: Ration            |     1 |       ||     1
       Chunk             |       |     2 ||     2
Armor: Robe              |    30 |    18 ||    48
Dodge: Dodged            |    32 |    15 ||    47
Block: Shield            |    42 |    19 ||    61

Table legend:
 A = Non-vault XP
 B = Vault XP
 C = Vault XP percentage of total XP
 D = Non-vault monster count
 E = Vault monster count
 F = Vault count percentage of total count
                 A         B        C        D         E       F
            +---------+---------+-------+---------+---------+-------
      Total |     105 |      36 |  25.5 |      43 |       1 |   2.3
            +---------+---------+-------+---------+---------+-------
        D:1 |      15 |       0 |   0.0 |      10 |       0 |   0.0
        D:2 |      34 |       0 |   0.0 |      15 |       0 |   0.0
        D:3 |      56 |      36 |  39.1 |      18 |       1 |   5.3
            +---------+---------+-------+---------+---------+-------
